 Dungeon Crawl Stone Soup version 0.21-a0-440-g28109cb (webtiles) character file.

124 slep the Skirmisher (level 4, -3/36 HPs)
             Began as a Demonspawn Fighter on Nov 11, 2017.
             Slain by an orc
             ... wielding a +0 flail
              (7 damage)
             ... on level 3 of the Dungeon.
             The game lasted 00:08:03 (2297 turns).

slep the Skirmisher (Demonspawn Fighter)            Turns: 2297, Time: 00:08:04

Health: -3/36      AC:  4    Str: 22    XL:     4   Next: 81%
Magic:  4/4        EV: 14    Int: 10    God:
Gold:   126        SH: 10    Dex: 15    Spells: 3/3 levels left

rFire    . . .     SeeInvis .   a - +0 long sword
rCold    . . .     Gourm    .   c - +0 shield
rNeg     . . .     Faith    .   s - +0 robe (curse)
rPois    .         Spirit   .   h - +1 helmet
rElec    .         Reflect  .   (no cloak)
rCorr    .         Harm     .   (no gloves)
MR       .....                  (no boots)
Stlth    ++........             l - amulet of inaccuracy (curse)
HPRegen  0.12/turn              p - -2 ring of dexterity (curse)
MPRegen  0.09/turn              (no ring)

@: mighty, agile
A: powered by pain 1
a: no special abilities


You were on level 3 of the Dungeon.
You were not hungry.

You visited 1 branch of the dungeon, and saw 3 of its levels.

You collected 126 gold pieces.

Inventory:

Hand Weapons
 a - a +0 long sword (weapon)
Armour
 b - a +0 scale mail
 c - a +0 shield (worn)
 h - a +1 helmet (worn)
 s - a cursed +0 robe (worn)
Jewellery
 l - a cursed amulet of inaccuracy (around neck)
 p - a cursed -2 ring of dexterity (left hand)
Scrolls
 e - 7 scrolls of identify {unknown}
 g - 2 scrolls of teleportation {unknown}
 i - 2 scrolls of random uselessness {unknown}
 j - 2 scrolls of immolation {unknown}
 k - a scroll of remove curse {unknown}
 m - a scroll of recharging {unknown}
 t - a scroll of enchant weapon {unknown}
Potions
 o - a potion of heal wounds {unknown}
 q - a potion of haste {unknown}
 r - a potion of mutation {unknown}
 u - a potion of curing {unknown}
Comestibles
 f - a bread ration
 v - 3 chunks of flesh
 w - a royal jelly


   Skills:
 + Level 3.6 Fighting
 + Level 3.0 Long Blades
 + Level 3.1 Armour
 + Level 0.8 Dodging
 + Level 0.1 Stealth
 + Level 3.5 Shields


You had 3 spell levels left.
You didn't know any spells.

Dungeon Overview and Level Annotations

Branches:
Dungeon (3/15)

Altars:


Innate Abilities, Weirdness & Mutations

You sometimes gain a little power by taking damage.


Message History

You block the orc's attack.
Your shield prevents you from hitting the orc.
The orc is heavily wounded.
The orc misses you.
You miss the orc.
The orc is heavily wounded.
You block the orc's attack.
You slash the orc!
You kill the orc!
Your Long Blades skill increases to level 3!
You hit the orc.
The orc is lightly wounded.
The orc hits you with a flail!
* * * LOW HITPOINT WARNING * * *
You focus on the pain.
You feel more agile all of a sudden.
You miss the orc.
The orc is lightly wounded.
The orc hits you with a flail!
You die...

#.....#.##.##.#
#......... ..
#.....#.##.#
+..........# # #
.##.....#.#####...#.#
...................>.#
###......<.#####.....#
#......#.#####...#
............@ool..#
###.###.##.######..#
#. #.##.# # . #.##.#
#. #.# #.# #.# #.


You could see 2 orcs and a leopard gecko.

Vanquished Creatures
  6 adders
  3 oozes (D:2)
  2 worms (D:2)
  2 dart slugs (D:1)
  A leopard gecko (D:2)
  2 orcs (D:3)
  5 bats
  3 giant cockroaches
  5 goblins
  5 hobgoblins
  2 jackals (D:1)
  2 frilled lizards (D:1)
  6 kobolds
  5 rats
49 creatures vanquished.

Notes
Turn   | Place    | Note
-------+----------+-------------------------------------------
     0 | D:1      | slep the Demonspawn Fighter began the quest for the Orb.
     0 | D:1      | Reached XP level 1. HP: 18/18 MP: 1/1
   177 | D:1      | Gained mutation: You sometimes gain a little power by taking damage. [demonic ancestry]
   177 | D:1      | Reached XP level 2. HP: 16/24 MP: 2/2
  1062 | D:2      | Reached XP level 3. HP: 10/29 MP: 3/3
  1469 | D:2      | Reached XP level 4. HP: 2/35 MP: 4/4
  2297 | D:3      | Slain by an orc

Vault maps used:
D:1:      kilobyte_arrival_exit_the_forest, feat_on_display
D:3:      makhleb_heckhound_becter, tso_metal_star,
          chequers_ecumenical_altar_simple_redux, glass_columns_b

Skill      XL: |  1  2  3  4 |
---------------+-------------+-----
Shields        | 3 |  3.5
Long Blades    | 2 3 |  3.0
Armour         | 3 |  3.1
Fighting       | |  3.6
Dodging        | |  0.8
Stealth        | |  0.1

Action                   |  1- 3 |  4- 6 || total
-------------------------+-------+-------++-------
Melee: Long sword        |   178 |   104 ||   282
  Use: Potion            |       |     2 ||     2
  Eat: Chunk             |     2 |     3 ||     5
Armor: Scale mail        |    85 |    20 ||   105
       Robe              |       |    14 ||    14
Dodge: Dodged            |    58 |    39 ||    97
Block: Shield            |    74 |    50 ||   124
       Rpst.: Long sword |    24 |    13 ||    37

Table legend:
 A = Spawn XP
 B = Non-spawn XP
 C = Spawn XP percentage of total XP
 D = Spawn monster count
 E = Non-spawn monster count
 F = Spawn count percentage of total count
 G = Total turns spent on level
                    A         B        C        D         E        F      G
               +---------+---------+-------+---------+---------+-------+---------
         Total |       0 |     178 |   0.0 |       0 |      49 |   0.0 |  2297
               +---------+---------+-------+---------+---------+-------+---------
           D:1 |       0 |      37 |   0.0 |       0 |      21 |   0.0 |  1039
           D:2 |       0 |     117 |   0.0 |       0 |      23 |   0.0 |  1193
           D:3 |       0 |      24 |   0.0 |       0 |       5 |   0.0 |    65
               +---------+---------+-------+---------+---------+-------+---------
